 Dungeon Crawl Stone Soup version 0.21-a0-584-g185da8e (webtiles) character file.

3663 baduk the Carver (level 9, 0/82 HPs)
             Began as a Minotaur Fighter on Dec 20, 2017.
             Was a Follower of Uskayaw.
             Killed from afar by an electric eel (13 damage)
             ... with a bolt of electricity
             ... on level 8 of the Dungeon.
             The game lasted 00:16:05 (8486 turns).

baduk the Carver (Minotaur Fighter)                 Turns: 8486, Time: 00:16:05

Health: 0/82       AC:  7    Str: 22    XL:     9   Next: 89%
Magic:  8/8        EV: 11    Int: 12    God:    Uskayaw [*.....]
Gold:   147        SH: 10    Dex: 15    Spells: 8/8 levels left

rFire    . . .     SeeInvis +   m - +10 falchion of the Wheel {freeze, +Rage Int+7}
rCold    + . .     Gourm    .   c - +0 shield
rNeg     . . .     Faith    .   t - +1 ring mail {rC+}
rPois    .         Spirit   .   (helmet restricted)
rElec    .         Reflect  .   (no cloak)
rCorr    .         Harm     .   (no gloves)
MR       .....                  (no boots)
Stlth    +.........             A - amulet of magic regeneration
HPRegen  0.23/turn              r - +3 ring of dexterity
MPRegen  0.36/turn              y - ring of see invisible

@: hasted, drained, very quick
A: retaliatory headbutt, horns 2
a: Stomp, Renounce Religion, Evoke Berserk Rage


You were on level 8 of the Dungeon.
You worshipped Uskayaw.
Uskayaw was noncommittal.
You were near starving.

You visited 1 branch of the dungeon, and saw 8 of its levels.

You collected 387 gold pieces.
You spent 240 gold pieces at shops.

Inventory:

Hand Weapons
 m - the +10 falchion of the Wheel (weapon) {freeze, +Rage Int+7}
   (You found it on level 4 of the Dungeon)

   It has been specially enchanted to freeze those struck by it, causing extra
   injury to most foes and up to half again as much damage against particularly
   susceptible opponents.
   It can also slow down cold-blooded creatures.
   It affects your intelligence (+7).
   It lets you go berserk.
 E - a +2 hand axe of flaming
Armour
 c - a +0 shield (worn)
 t - a +1 ring mail of cold resistance (worn)
Jewellery
 r - a +3 ring of dexterity (left hand)
 y - a ring of see invisible (right hand)
 A - an amulet of magic regeneration (around neck)
Wands
 h - a wand of iceblast (9)
 u - a wand of flame (24)
Scrolls
 e - 3 scrolls of enchant armour
 g - a scroll of brand weapon
 j - 2 scrolls of remove curse
 k - 2 scrolls of immolation
 s - a scroll of random uselessness
 x - a scroll of teleportation
Potions
 b - a potion of might
 i - 2 potions of brilliance
 l - 4 potions of agility
 n - a potion of curing
 o - a potion of magic
 p - a potion of cancellation
 v - a potion of mutation
 B - a potion of haste
 C - 2 potions of flight
 D - a potion of lignification
Comestibles
 f - 23 rations


   Skills:
 * Level 8.7(8.4) Fighting
 - Level 10.1(9.8) Long Blades
 - Level 8.2(7.9) Axes
 + Level 6.6(6.4) Armour
 + Level 4.8(4.6) Dodging
 - Level 3.6(3.3) Shields


You had 8 spell levels left.
You didn't know any spells.

Dungeon Overview and Level Annotations

Branches:
Dungeon (8/15)             Temple (0/1) D:7
   Lair: D:8-11

Altars:
Ashenzari
Gozag
Sif Muna
Uskayaw

Shops:
D:5 !   D:6 *


Innate Abilities, Weirdness & Mutations

You reflexively headbutt those who attack you in melee.
You have a pair of horns on your head.


Message History

The hound barks!
A necrophage and a hungry ghost come into view.
Spoiler Alert: The electric eel can hit for high damage at range!
The bullfrog closely misses you. You furiously retaliate!
You headbutt the bullfrog.
The electric eel shoots out a bolt of lightning at you!
The bolt of electricity hits you!
* * * LOW HITPOINT WARNING * * *
You take 8 damage, and have 12/82 hp.
Spoiler Alert: The electric eel can hit for high damage at range!
You feel yourself speed up. You block the bullfrog's attack.
You block the bullfrog's attack.
A necrophage comes into view.
The hungry ghost hits you.
You are near starving!
A mummy comes into view.
The electric eel shoots out a bolt of lightning at you!
The bolt of electricity hits the withered plant.
The bolt of electricity hits you!
You die...

,,,,,,,,,,.P.................**'*
*,,,,,,,,,..≈.≈≈.........#.#**,,,
**,,,,,,,,..≈≈≈≈.......n!..#*,≈,≈
**,,,,,,,*#..≈≈≈..........#**≈≈,≈
*,,,,,,,,,#.≈≈≈;....O.....# *≈≈_≈
*,,,,,,,,,#..≈.P.<........#**≈*∩*
*,,,,,,,,,........W.........#****
*,,,,,,,,,######.F...........#***
*,,,,,,,,,*****#@#[......[.....,,
**,,,,,,,.........##....$......,*
*,,,,,,,,.#####.#..............,,
*,,,,,,,,,**,,...######.......≈≈≈
*,,,,,,,,,,,,n...* *......≈≈≈≈
*,,,,,,,,,*,.....* *,...<,,,≈≈
*,,,,,,,>,*#...M,* *,,,,,,,≈≈≈
**,,,,,,,**#....,* *,,,,,,,,.P
**,,,,,*****,,,** ****,,,**..


You could see a hungry ghost, an ogre, 2 necrophages, a bullfrog, a mummy and an
electric eel.

Vanquished Creatures
  A troll (D:8)
  Grinder (D:6)
  Sigmund (D:3)
  4 hogs (D:7)
  A human (D:7)
  Menkaure (D:6)
  An orc warrior (D:6)
  2 sky beasts
  An ice beast (D:6)
  2 phantoms
  An ogre (D:7)
  A centaur (D:8)
  3 bullfrogs
  A water moccasin zombie (D:8)
  A scorpion (D:8)
  5 wights (D:8)
  A crimson imp (D:7)
  2 centaur zombies (D:8)
  2 hounds (D:7)
  2 quasits
  5 orc priests
  3 jellies
  A bullfrog skeleton (D:4)
  Jessica (D:2)
  4 iguanas
  5 orc wizards
  2 worker ants
  A hound zombie (D:6)
  Robin (D:3)
  3 gnolls (D:4)
  13 adders
  A shadow imp (D:6)
  An adder skeleton (D:4)
  A worm (D:4)
  A dart slug (D:2)
  6 leopard geckos
  22 orcs
  4 bats
  7 giant cockroaches
  11 goblins
  10 hobgoblins
  3 kobolds
  2 quokkas
  2 ball pythons
  A frilled lizard (D:1)
  A jackal skeleton (D:6)
  A jackal zombie (D:7)
  A quokka zombie (D:8)
  7 rats
155 creatures vanquished.

Vanquished Creatures (others)
  2 withered plants (D:8)
2 creatures vanquished.

Grand Total: 157 creatures vanquished

Notes
Turn   | Place    | Note
-------+----------+-------------------------------------------
     0 | D:1      | baduk the Minotaur Fighter began the quest for the Orb.
     0 | D:1      | Reached XP level 1. HP: 19/19 MP: 0/0
   246 | D:1      | Reached XP level 2. HP: 24/26 MP: 1/1
   909 | D:2      | Reached XP level 3. HP: 22/31 MP: 2/2
  1360 | D:2      | Noticed Jessica
  1365 | D:2      | Killed Jessica
  1365 | D:2      | Reached skill level 5 in Axes
  1365 | D:2      | Reached XP level 4. HP: 28/39 MP: 3/3
  1812 | D:3      | Noticed Robin
  1813 | D:3      | Killed Robin
  1998 | D:3      | Noticed a hand axe
  1999 | D:3      | Noticed a hand axe
  2001 | D:3      | Found a hide-covered altar of Uskayaw.
  2273 | D:3      | Noticed Sigmund
  2282 | D:3      | Killed Sigmund
  2282 | D:3      | Reached XP level 5. HP: 35/45 MP: 4/4
  2282 | D:3      | Reached XP level 6. HP: 40/51 MP: 5/5
  2867 | D:4      | Got a translucent falchion
  2893 | D:4      | Identified the +10 falchion of the Wheel {freeze, +Rage Int+7} (You found it on level 4 of the Dungeon)
  3369 | D:3      | Became a worshipper of Uskayaw the Reveler
  3540 | D:4      | Reached skill level 1 in Long Blades
  3540 | D:4      | Reached * piety under Uskayaw
  3679 | D:4      | Found an opulent altar of Gozag.
  3730 | D:4      | Reached ** piety under Uskayaw
  3731 | D:4      | Reached skill level 2 in Long Blades
  4018 | D:4      | Reached *** piety under Uskayaw
  4145 | D:5      | Entered Level 5 of the Dungeon
  4173 | D:5      | Found a shattered altar of Ashenzari.
  4217 | D:5      | Reached skill level 3 in Long Blades
  4270 | D:5      | Reached skill level 4 in Long Blades
  4270 | D:5      | Reached XP level 7. HP: 36/57 MP: 6/6
  4919 | D:5      | Reached skill level 5 in Long Blades
  5048 | D:5      | Reached skill level 6 in Long Blades
  5121 | D:5      | Found Iblelax's Distillery.
  5129 | D:5      | Bought a potion of haste for 120 gold pieces
  5129 | D:5      | Bought a potion of flight for 36 gold pieces
  5129 | D:5      | Bought a potion of lignification for 36 gold pieces
  5129 | D:5      | Bought a potion of agility for 48 gold pieces
  5361 | D:6      | Noticed Menkaure
  5369 | D:6      | Killed Menkaure
  5369 | D:6      | Reached skill level 7 in Long Blades
  5489 | D:6      | Found a shattered altar of Ashenzari.
  5545 | D:6      | Reached skill level 8 in Long Blades
  5545 | D:6      | Reached XP level 8. HP: 56/64 MP: 7/7
  5907 | D:6      | Noticed Grinder
  5915 | D:6      | Paralysed by Grinder for 6 turns
  5925 | D:6      | Killed Grinder
  5925 | D:6      | Reached skill level 9 in Long Blades
  6271 | D:6      | Found Zaett's Elemental Accessories.
  6631 | D:6      | Reached skill level 10 in Long Blades
  6854 | D:7      | Reached **** piety under Uskayaw
  6933 | D:7      | Found a deep blue altar of Sif Muna.
  7012 | D:7      | Reached skill level 1 in Dodging
  7049 | D:7      | Found a staircase to the Ecumenical Temple.
  7140 | D:7      | Reached skill level 5 in Fighting
  7570 | D:7      | Reached XP level 9. HP: 74/74 MP: 8/8
  7625 | D:7      | Reached skill level 5 in Armour
  8062 | D:8      | Noticed a troll
  8069 | D:8      | Killed a troll
  8467 | D:8      | Noticed a two-headed ogre
  8486 | D:8      | Killed from afar by an electric eel

Vault maps used:
D:1:      lemuel_arrival_broad_hall
D:2:      first_ration, minmay_surrounded, uniq_jessica
D:3:      dancing_weapons_uskayaw, uniq_sigmund, uniq_robin
D:4:      eino_small_chamber_without_monster,
          nicolae_gozag_cash_rules_everything_around_me
D:5:      nicolae_ashenzari_panopticon, serial_shops, shop
D:6:      basic_altar, fountainhead, nicolae_elemental_shop, uniq_grinder,
          uniq_menkaure
D:7:      led_sif_book, minmay_temple_entry_large_hall, grunt_livestock
D:8:      makhleb_grotto_becter, serial_undead, serial_undead_c,
          serial_undead_d, serial_undead_c, serial_undead_a, serial_undead_f,
          serial_undead_b, serial_undead_a, serial_undead_f, serial_undead_f,
          serial_undead_e

Skill      XL: |  1  2  3  4  5  6  7  8  9 |
---------------+----------------------------+-----
Axes           | 3 4 5 7 8 |  8.2
Long Blades    | 4 8 10 | 10.1
Fighting       | 5 8 |  8.7
Dodging        | 2 4 |  4.8
Armour         | 4 6 |  6.6
Shields        | |  3.6

Action                   |  1- 3 |  4- 6 |  7- 9 || total
-------------------------+-------+-------+-------++-------
Melee: War axe           |    68 |    54 |       ||   122
       Headbutt          |    10 |    18 |    34 ||    62
       Falchion          |       |    36 |   172 ||   208
       Scythe            |       |    16 |       ||    16
Invok: Stomp             |       |     1 |     1 ||     2
       Line Pass         |       |       |     1 ||     1
 Abil: Evoke Berserk Rag |       |       |     1 ||     1
  Use: Potion            |       |     1 |     7 ||     8
       Scroll            |       |       |    14 ||    14
 Stab: Paralysed         |       |     1 |     8 ||     9
  Eat: Chunk             |     1 |    10 |    10 ||    21
       Ration            |       |       |     1 ||     1
Armor: Scale mail        |    41 |       |       ||    41
       Ring mail         |     1 |    35 |    39 ||    75
Dodge: Dodged            |    30 |    30 |    38 ||    98
Block: Shield            |    33 |    40 |    82 ||   155
       Rpst.: Falchion   |       |       |    11 ||    11

Table legend:
 A = Spawn XP
 B = Non-spawn XP
 C = Spawn XP percentage of total XP
 D = Spawn monster count
 E = Non-spawn monster count
 F = Spawn count percentage of total count
 G = Total turns spent on level
                    A         B        C        D         E        F      G
               +---------+---------+-------+---------+---------+-------+---------
         Total |       0 |    5233 |   0.0 |       0 |     155 |   0.0 |  8486
               +---------+---------+-------+---------+---------+-------+---------
           D:1 |       0 |      16 |   0.0 |       0 |       9 |   0.0 |   618
           D:2 |       0 |      83 |   0.0 |       0 |      19 |   0.0 |  1178
           D:3 |       0 |     312 |   0.0 |       0 |      26 |   0.0 |   914
           D:4 |       0 |     203 |   0.0 |       0 |      15 |   0.0 |  1435
           D:5 |       0 |     472 |   0.0 |       0 |      17 |   0.0 |  1173
           D:6 |       0 |    1111 |   0.0 |       0 |      19 |   0.0 |  1484
           D:7 |       0 |    1701 |   0.0 |       0 |      33 |   0.0 |  1077
           D:8 |       0 |    1335 |   0.0 |       0 |      17 |   0.0 |   607
               +---------+---------+-------+---------+---------+-------+---------
